 Dungeon Crawl Stone Soup version 0.31-a0-986-g5e6e4ef867 (webtiles) character file.

Game seed: 17160137959102981694

17423 Skeral the Fighter (level 13, 0/107 HPs)
             Began as a Meteoran Earth Elementalist on Nov 7, 2023.
             Was an Elder of Hepliaklqana.
             Killed from afar by a fire dragon (46 damage)
             ... with a blast of flame
             ... on level 11 of the Dungeon.
             The game lasted 00:39:09 (5323 turns).

Skeral the Fighter (Meteoran Earth Elementalist)    Turns: 5323, Time: 00:39:09

Health: 0/107      AC:  6    Str: 10    XL:     13   Next: 14%
Magic:  10/24      EV: 21    Int: 20    God:    Hepliaklqana [****..]
Gold:   408        SH:  0    Dex: 23    Spells: 16/26 levels left

rFire   . . .        b - +0 short sword of the Poles {flame, rPois rN+}
rCold   . . .        (no shield)
rNeg    + + .        e - +1 leather armour "Ligu" {rN+ rCorr Slay+3}
rPois   +            (no helmet)
rElec   .            j - +0 cloak
rCorr   +            d - +0 pair of gloves
SInv    .            (no boots)
Will    +....        g - amulet of regeneration
Stlth   +            E - +5 ring of evasion
HPRegen 1.17/turn    D - +6 ring of dexterity
MPRegen 0.19/turn

%: no passive effects
@: glowing
A: reduced essence, sense surroundings 2, otherworldly, glowing, explore regen
a: Renounce Religion, Recall Ancestor, Ancestor Identity, Transference, Idealise


You were on level 11 of the Dungeon.
You worshipped Hepliaklqana.
Hepliaklqana was greatly pleased with you.
You visited 1 branch of the dungeon, and saw 13 of its levels.

You collected 408 gold pieces.


Innate Abilities, Weirdness & Mutations

Your life essence is reduced to manifest your ancestor. (-10% HP)
You passively map the area around you.
You are easily found by Zot.
You glow in the dark.
You regain HP and MP as you explore.


   Skills:
 + Level 12.5 Fighting
 + Level 4.3 Maces & Flails
 - Level 4.0 Armour
 + Level 6.5 Dodging
 - Level 1.4 Stealth
 - Level 7.0 Spellcasting
 - Level 10.0 Conjurations
 - Level 2.0 Transmutations
 - Level 10.0 Earth Magic
 - Level 9.0 Invocations
 - Level 4.0 Evocations


You had 16 spell levels left.
You knew the following spells:

 Your Spells              Type           Power      Damage    Failure   Level
a - Stone Arrow           Conj/Erth      94%        3d12      1%          3
p - Passwall              Tmut/Erth      25%        N/A       1%          2
s - Sandblast             Erth           94%        2d19      1%          1
B - Brom's Barrelling Bo  Conj/Erth      47%        2d6       1%          4

Your spell library contained the following spells:

 Spells                   Type           Power      Damage    Failure   Level
 Magic Dart               Conj           100%       1d8       1%          1
 Shock                    Conj/Air       100%       1d9       1%          1
 Mephitic Cloud           Conj/Pois/Air  20%        N/A       10%         3
 Petrify                  Tmut/Erth      31%        N/A       11%         4
 Call Imp                 Summ           14%        N/A       19%         2
 Lesser Beckoning         Tloc           14%        N/A       19%         2
 Gell's Gravitas          Tloc           7%         N/A       36%         3
 Ozocubu's Armour         Ice            7%         N/A       36%         3
 Swiftness                Air            7%         N/A       36%         3
 Teleport Other           Tloc           7%         N/A       36%         3
 Airstrike                Air            3%         2d(1-17)  77%         4
 Metabolic Englaciation   Hex/Ice        3%         N/A       98%         5
 Simulacrum               Ice/Necr       3%         N/A       100%        6

Inventory:

Hand Weapons
 a - a +6 eveningstar of venom {rare}
   (You took it off Urug on level 12 of the Dungeon)
 b - the +0 short sword of the Poles (weapon) {flame, rPois rN+}
   (You found it on level 4 of the Dungeon)

   rPois:     It protects you from poison rN+: It protects you from negative
   energy.
Missiles
 t - 3 boomerangs
 z - 28 poisoned darts (quivered)
 H - 5 curare-tipped darts {=f}
 K - 7 javelins
Armour
 d - a +0 pair of gloves (worn)
   (You found it on level 1 of the Dungeon)
 e - the +1 leather armour "Ligu" (worn) {rN+ rCorr Slay+3}
   (You found it on level 2 of the Dungeon)

   Slay+3:    It affects your accuracy & damage with ranged weapons and melee
   (+3).
   rN+:       It protects you from negative energy.
   rCorr:     It protects you from acid and corrosion.
 j - a +0 cloak (worn)
   (You found it on level 3 of the Dungeon)
Magical Staves
 G - a staff of death {!a}
   (You found it on level 9 of the Dungeon)
 I - a staff of poison {!a}
   (You found it on level 12 of the Dungeon)
Jewellery
 g - an amulet of regeneration (around neck)
   (You found it on level 8 of the Dungeon)
 D - a +6 ring of dexterity (right hand)
   (You found it on level 10 of the Dungeon)
 E - a +5 ring of evasion (left hand)
   (You found it on level 5 of the Dungeon)
 Y - a +4 ring of slaying
   (You found it on level 10 of the Dungeon)
 Z - a ring of wizardry
   (You found it on level 8 of the Dungeon)
Wands
 h - a wand of flame (34)
   (You found it on level 2 of the Dungeon)
 u - a wand of light (14)
   (You took it off Ijyb on level 4 of the Dungeon)
 B - a wand of iceblast (3)
   (You found it on level 6 of the Dungeon)
 F - a wand of digging (8)
   (You found it on level 9 of the Dungeon)
Scrolls
 k - 2 scrolls of teleportation {@r4}
 l - 3 scrolls of poison {unknown}
 m - a scroll of noise {unknown}
 n - 4 scrolls of fear {unknown}
 o - a scroll of vulnerability {unknown}
 s - 3 scrolls of revelation {unknown}
 v - a scroll of butterflies
 w - a scroll of identify {@r1}
 x - a scroll of enchant armour
 y - a scroll of torment {!r}
Potions
 c - a potion of berserk rage {!q}
 f - a potion of might
 i - 4 potions of curing {@q1}
 p - 2 potions of brilliance {unknown}
 q - a potion of haste {@q3}
 r - a potion of resistance {unknown}
 A - a potion of ambrosia
 C - a potion of attraction {unknown}
 J - a potion of heal wounds {unknown}
 M - 2 potions of enlightenment

Dungeon Overview and Level Annotations

Branches:
Dungeon (13/15) Zot: 2401  Temple (0/1) D:7            Lair (0/5) D:8
    Orc (0/2) D:11
 Vaults: D:13-14

Altars:
Elyvilon
Hepliaklqana
Makhleb
Qazlal
Trog
Uskayaw
Vehumet
The Shining One

Annotations:
D:3 Grinder

#..*,#....#....#...#....P
, #...#..#.##..#.#..#* #
.#..#.##...#.......# #*
...........##...#..# ..#
##......#..#......# ...#
*#.†....#..##.....#
......###........)....###
#...........#†⌠†RD....#
*..#............@..##.#
.#*#######..###### .# *
#).# .# #.# #))# * *..#
#)# #).# ..## #.# ##††#
.# #.# ##...###.# #[#
#........# #.# #.....####


You could see the friendly Fikile the knight and a fire dragon (blind, catching
breath, ally target).


Message History

😕 HP[+1]
You kill the boulder beetle!
Your Maces & Flails skill increases to level 4!
z - 27 poisoned darts (gained 5)
An orc wizard comes into view. It is wielding a +0 dagger. 😕 HP[+6]
You regained 6 hp, and now have 106/107 hp.
Throw: 27 darts (poison)
Press: ? - help, Q - select action, (/) - cycle Shift-Dir - straight line, f - orc wizard
Aim: an orc wizard, wielding a +0 dagger and wearing a +0 robe (64% to hit)
You throw a poisoned dart. Fikile avoids your attack.
The poisoned dart barely misses the orc wizard.
Fikile hits the orc wizard with a +0 flail!
The orc wizard completely misses Fikile. 😎 HP[+1]
Your hp is fully restored (107).
You swap places.
The orc wizard closely misses you. The orc wizard completely misses you.
You hit the orc wizard. You burn the orc wizard. The orc wizard misses you.
Fikile hits the orc wizard but does no damage.
You strike the helpless orc wizard from behind!
You puncture the orc wizard! You burn the orc wizard.
You kill the orc wizard!
Things that are here:
a +0 dagger; a +0 robe; an orc corpse
z - 27 poisoned darts (gained 1)
z - 28 poisoned darts (gained 1)
A killer bee comes into view.
A fire dragon comes into view.
The killer bee moves out of view.
There is a dry fountain here.
The fire dragon breathes flames at you. The blast of flame misses you.
Fikile hits the killer bee with a +0 flail.
You hit the killer bee. You burn the killer bee.
The killer bee closely misses you. The killer bee misses you.
Casting: Brom's Barrelling Boulder (mildly dangerous; 1% risk of failure)
Confirm with . or Enter, or press ? or * to list all spells.
Aiming: Stone Arrow (safe; 1% risk of failure)
Press: ? - help, Shift-Dir - straight line, f - killer bee
Aim: a killer bee (severely wounded, 51% to hit)
The stone arrow hits the killer bee!
You kill the killer bee!
The fire dragon completely misses you. The fire dragon closely misses you.
The fire dragon tramples you but does no damage. 😎 MP[-3]
You lost 3 mp, and now have 21/24 mp.
Casting: Stone Arrow (safe; 1% risk of failure)
Confirm with . or Enter, or press ? or * to list all spells.
Aiming: Stone Arrow (safe; 1% risk of failure)
Press: ? - help, Shift-Dir - straight line, f - fire dragon
Aim: a fire dragon (ally target, 82% to hit)
The stone arrow hits the fire dragon!!
The fire dragon breathes flames at you. The blast of flame hits you!!!
Ouch! That really hurt!
* * * LOW HITPOINT WARNING * * *
Fikile hits the fire dragon with a +0 flail. 😨 HP[-62] MP[-3]
You take 62 damage, and now have 45/107 hp.
MASSIVE DAMAGE!! (PAUSE)
You lost 3 mp, and now have 18/24 mp.
Aiming: Bolt of Light
Press: ? - help, Shift-Dir - straight line, f/p - fire dragon
Aim: a fire dragon (moderately wounded, ally target, 81% to hit)
The bolt of light hits the fire dragon!!
The fire dragon is blinded.
The fire dragon bites you but does no damage.
The fire dragon claws you but does no damage.
The fire dragon tramples you.
* * * LOW HITPOINT WARNING * * *
You stumble backwards! 😨 HP[-3]
You take 3 damage, and now have 42/107 hp.
Casting: Stone Arrow (safe; 1% risk of failure)
Confirm with . or Enter, or press ? or * to list all spells.
Aiming: Stone Arrow (safe; 1% risk of failure)
Press: ? - help, Shift-Dir - straight line, f/p - fire dragon
Aim: a fire dragon (heavily wounded, blind, ally target, 82% to hit)
The stone arrow hits the fire dragon.
Fikile hits the fire dragon with a +0 flail. 😨 HP[+1] MP[-3]
You lost 3 mp, and now have 15/24 mp.
Casting: Stone Arrow (safe; 1% risk of failure)
Confirm with . or Enter, or press ? or * to list all spells.
Aiming: Stone Arrow (safe; 1% risk of failure)
Press: ? - help, Shift-Dir - straight line, f/p - fire dragon
Aim: a fire dragon (heavily wounded, wandering, blind, ally target, hasn't noticed you, 82% to hit)
The stone arrow hits the fire dragon!
The fire dragon completely misses you. The fire dragon closely misses you.
The fire dragon completely misses you. 😨 HP[+1] MP[-2]
You lost 2 mp, and now have 13/24 mp.
Casting: Stone Arrow (safe; 1% risk of failure)
Confirm with . or Enter, or press ? or * to list all spells.
Aiming: Stone Arrow (safe; 1% risk of failure)
Press: ? - help, Shift-Dir - straight line, f/p - fire dragon
Aim: a fire dragon (severely wounded, blind, ally target, 82% to hit)
The stone arrow hits the fire dragon!
The fire dragon breathes flames at you. The blast of flame hits you!!!
You die...

Skill      XL: |  1  2  3  4  5  6  7  8  9 10 11 12 13 |
---------------+----------------------------------------+-----
Spellcasting   | 3 4 5 7 |  7.0
Fighting       | 1 2 3 4 5 7 11 12 | 12.5
Earth Magic    | 4 5 6 7 9 10 | 10.0
Conjurations   | 1 2 3 4 5 7 9 10 | 10.0
Transmutations | 2 |  2.0
Armour         | 2 4 |  4.0
Invocations    | 6 9 |  9.0
Dodging        | 4 5 6 |  6.5
Evocations     | 4 |  4.0
Maces & Flails | 3 4 |  4.3
Stealth        | |  1.4

Action                     |  1- 3 |  4- 6 |  7- 9 | 10-12 | 13-15 || total
---------------------------+-------+-------+-------+-------+-------++-------
  Melee: Short sword       |     1 |     9 |    57 |   102 |    13 ||   182
         Unarmed           |     1 |       |       |       |       ||     1
         Punch             |       |       |     2 |     1 |       ||     3
  Throw: Dart              |       |       |       |    29 |    18 ||    47
   Cast: Sandblast         |    42 |    41 |    73 |       |       ||   156
         Stone Arrow       |       |     1 |    35 |   148 |     5 ||   189
         Passwall          |       |       |     3 |     7 |       ||    10
         Brom's Barrelling |       |       |       |    11 |       ||    11
 Invoke: Recall Ancestor   |       |       |     2 |     9 |       ||    11
         Ancestor Life: Kn |       |       |     1 |       |       ||     1
  Evoke: Wand              |       |       |     1 |    16 |     1 ||    18
    Use: Potion            |       |       |     2 |     2 |       ||     4
         Scroll            |       |       |     6 |     5 |       ||    11
   Stab: Invisible         |       |       |       |     1 |       ||     1
         Distracted        |       |       |       |       |     1 ||     1
 Armour: Leather armour    |     9 |    18 |    76 |   140 |    18 ||   261
  Dodge: Dodged            |    15 |    17 |    74 |   210 |    36 ||   352

Levels and vault maps discovered:
D:1:      minmay_arrival_stair_chambers, layout_rooms, basic_ecumenical_altar
D:2:      layout_loops_ring
D:3:      layout_loops_corners, nicolae_half_adder, uniq_grinder
D:4:      layout_gridville, mainiacjoe_overflow_24_doors,
          mainiacjoe_overflow_catwalk_spiral, kennysheep_generic_room_13,
          uniq_edmund, uniq_ijyb, uniq_eustachio
D:5:      layout_layer_cave, overflow_temple_1_default,
          mainiacjoe_overflow_catwalk, glass_columns_c, blue_anna_alchemist
D:6:      nicolae_cairo_tiling_large, layout_basic, kiku_gazebo_pond_becter,
          mainiacjoe_overflow_brackets
D:7:      layout_rooms, mainiacjoe_overflow_surrounded_room,
          minmay_temple_entry_junction, gammafunk_ghost_gnarly_gnolls,
          uniq_menkaure
D:8:      layout_gridville, david_lair_shrubbed
D:9:      layout_basic, special_room [special_room_kobold]
D:10:     layout_stronghold, mainiacjoe_overflow_big_doors, uniq_erolcha
D:11:     regret_index_wax_grids, layout_loops_ring,
          minmay_orc_entry_guard_dogs, nicolae_elyvilon_temple_path, uniq_erica
D:12:     layout_cross, minmay_misc_feat_chi, uniq_urug
D:13:     layout_roguey, erik_vaults_1, wad_scary_box

Notes
Turn   | Place    | Note
-------+----------+-------------------------------------------
     0 | D:1      | Skeral the Meteoran Earth Elementalist began the quest for
                  | the Orb.
     0 | D:1      | Reached XP level 1. HP: 14/14 MP: 5/5
     0 | D:1      | magus.rc [v1.10.3]
    45 | D:1      | Reached XP level 2. HP: 22/22 MP: 2/6
    55 | D:1      | magus.rc [v1.10.3]
    66 | D:2      | Identified the +1 leather armour "Ligu" {rN+ rCorr Slay+3}
   114 | D:2      | Reached skill level 3 in Spellcasting
   190 | D:2      | Reached skill level 1 in Fighting
   271 | D:3      | Reached skill level 4 in Earth Magic
   338 | D:3      | Reached XP level 3. HP: 28/28 MP: 5/8
   362 | D:3      | Learned a level 2 spell: Passwall
   366 | D:3      | Learned a level 3 spell: Stone Arrow
   517 | D:1      | Found a faded altar of an unknown god.
   738 | D:3      | Noticed a black bear
   753 | D:3      | Noticed Grinder
   755 | D:3      | Reached skill level 1 in Conjurations
   755 | D:3      | Reached XP level 4. HP: 29/35 MP: 6/10
   872 | D:4      | Noticed a phantom
   888 | D:4      | Killed a phantom
   889 | D:4      | Reached skill level 2 in Fighting
   889 | D:4      | Reached skill level 4 in Spellcasting
   889 | D:4      | Reached skill level 2 in Conjurations
   889 | D:4      | Reached skill level 2 in Transmutations
   889 | D:4      | Reached XP level 5. HP: 39/41 MP: 6/12
   921 | D:4      | Noticed Eustachio
   953 | D:3      | Reached XP level 6. HP: 35/49 MP: 13/13
  1086 | D:3      | Reached skill level 5 in Earth Magic
  1121 | D:3      | Reached skill level 3 in Fighting
  1234 | D:3      | Reached skill level 3 in Conjurations
  1292 | D:4      | Reached XP level 7. HP: 57/57 MP: 13/15
  1300 | D:4      | Learned a level 4 spell: Brom's Barrelling Boulder
  1311 | D:4      | Found a hazy altar of Hepliaklqana.
  1315 | D:4      | Became a worshipper of Hepliaklqana the Forgotten
  1326 | D:4      | Noticed Ijyb
  1332 | D:4      | Killed Ijyb
  1333 | D:4      | Noticed Edmund
  1352 | D:4      | Killed Edmund
  1353 | D:4      | Reached skill level 5 in Spellcasting
  1396 | D:4      | Found a stormy altar of Qazlal.
  1407 | D:4      | Found a radiant altar of Vehumet.
  1412 | D:4      | Identified the +0 short sword of the Poles {flame, rPois
                  | rN+}
  1482 | D:4      | Reached skill level 4 in Fighting
  1539 | D:5      | Entered Level 5 of the Dungeon
  1551 | D:5      | Reached skill level 4 in Conjurations
  1579 | D:4      | Reached skill level 6 in Earth Magic
  1579 | D:4      | Reached XP level 8. HP: 50/66 MP: 8/16
  1765 | D:4      | Reached * piety under Hepliaklqana
  1770 | D:4      | Killed Eustachio
  1902 | D:5      | Reached skill level 5 in Fighting
  1902 | D:5      | Reached skill level 5 in Conjurations
  1989 | D:5      | Reached skill level 7 in Earth Magic
  1992 | D:5      | Gained mutation: You passively map the area around you.
                  | [Meteoran growth]
  1992 | D:5      | Reached XP level 9. HP: 67/67 MP: 8/17
  2039 | D:5      | Found a white marble altar of Elyvilon.
  2046 | D:5      | Reached skill level 6 in Fighting
  2046 | D:5      | Reached skill level 6 in Conjurations
  2094 | D:5      | Found a glowing golden altar of the Shining One.
  2278 | D:6      | Reached skill level 8 in Earth Magic
  2357 | D:6      | Reached skill level 7 in Conjurations
  2421 | D:6      | Found a hide-covered altar of Uskayaw.
  2597 | D:6      | You pick up a book of Air and begin reading...
  2597 | D:6      | You add the spells Shock, Swiftness and Airstrike to your
                  | library.
  2636 | D:7      | You pick up a book of Minor Magic and begin reading...
  2636 | D:7      | You add the spells Magic Dart, Call Imp and Mephitic Cloud
                  | to your library.
  2668 | D:7      | Reached skill level 7 in Fighting
  2681 | D:7      | Identified the +2 robe of Twilight {Dex+5}
  2686 | D:7      | Reached ** piety under Hepliaklqana
  2689 | D:7      | Remembered your ancestor Fikile as a knight
  2755 | D:7      | Found a burning altar of Makhleb.
  2974 | D:8      | Found a staircase to the Lair.
  2974 | D:8      | Noticed a komodo dragon
  2988 | D:8      | Killed a komodo dragon
  2989 | D:8      | Reached skill level 9 in Earth Magic
  2989 | D:8      | Reached XP level 10. HP: 79/79 MP: 5/18
  3070 | D:8      | Reached skill level 8 in Conjurations
  3071 | D:8      | Reached skill level 8 in Fighting
  3095 | D:8      | Reached skill level 9 in Fighting
  3095 | D:8      | Reached skill level 9 in Conjurations
  3129 | D:8      | Identified the +7 mace "Laihowel" {flame, rPois rF- rC++
                  | Int+2}
  3244 | D:10     | Entered Level 10 of the Dungeon
  3271 | D:10     | Noticed a two-headed ogre
  3315 | D:9      | Reached skill level 10 in Fighting
  3355 | D:9      | Noticed a kobold demonologist
  3382 | D:9      | Killed a kobold demonologist
  3383 | D:9      | Reached skill level 11 in Fighting
  3452 | D:9      | Reached XP level 11. HP: 91/91 MP: 4/19
  3538 | D:9      | Reached *** piety under Hepliaklqana
  3751 | D:10     | Reached skill level 1 in Armour
  3751 | D:10     | Reached skill level 1 in Invocations
  3872 | D:8      | Reached skill level 2 in Invocations
  3879 | D:8      | Reached skill level 3 in Dodging
  4051 | D:10     | Found a bloodstained altar of Trog.
  4084 | D:10     | Noticed Erolcha
  4095 | D:10     | Killed Erolcha
  4096 | D:10     | Reached skill level 2 in Armour
  4096 | D:10     | Reached skill level 3 in Invocations
  4167 | D:11     | Noticed a boulder beetle
  4188 | D:11     | Killed a boulder beetle
  4189 | D:11     | Reached skill level 4 in Dodging
  4189 | D:11     | Reached skill level 6 in Spellcasting
  4189 | D:11     | Reached skill level 4 in Invocations
  4328 | D:10     | You pick up a book of Winter and begin reading...
  4328 | D:10     | You add the spells Ozocubu's Armour, Metabolic Englaciation
                  | and Simulacrum to your library.
  4365 | D:10     | Killed a two-headed ogre
  4423 | D:11     | Reached skill level 10 in Conjurations
  4424 | D:11     | Noticed a cyclops
  4431 | D:11     | Reached skill level 10 in Earth Magic
  4433 | D:11     | Noticed a two-headed ogre
  4436 | D:11     | Reached skill level 5 in Invocations
  4497 | D:11     | Killed a cyclops
  4498 | D:11     | Reached skill level 7 in Spellcasting
  4542 | D:11     | Reached skill level 6 in Invocations
  4542 | D:11     | Reached XP level 12. HP: 99/99 MP: 16/23
  4552 | D:11     | Found a staircase to the Orcish Mines.
  4581 | D:11     | Reached skill level 7 in Invocations
  4728 | D:11     | Reached skill level 8 in Invocations
  4752 | D:11     | You pick up a book of Displacement and begin reading...
  4752 | D:11     | You add the spells Lesser Beckoning, Gell's Gravitas and
                  | Teleport Other to your library.
  4756 | D:11     | Reached skill level 1 in Evocations
  4763 | D:11     | Found a white marble altar of Elyvilon.
  4866 | D:12     | Noticed a centaur warrior
  4887 | D:12     | Killed a centaur warrior
  4888 | D:12     | Reached skill level 3 in Armour
  4888 | D:12     | Reached skill level 2 in Evocations
  4959 | D:12     | Reached **** piety under Hepliaklqana
  4985 | D:12     | Noticed Urug
  4996 | D:12     | Killed Urug
  4997 | D:12     | Reached skill level 5 in Dodging
  4997 | D:12     | Reached skill level 3 in Evocations
  4997 | D:12     | Noticed a deep elf pyromancer
  5001 | D:12     | M - a +6 eveningstar of venom {rare}
  5002 | D:12     | M - a +6 eveningstar of venom {rare}
  5002 | D:12     | a - a +6 eveningstar of venom {rare}
  5043 | D:12     | Reached skill level 9 in Invocations
  5106 | D:13     | Noticed a skeletal warrior
  5106 | D:13     | Noticed a skeletal warrior
  5106 | D:13     | Noticed a skeletal warrior
  5106 | D:13     | Noticed a skeletal warrior
  5107 | D:13     | Noticed a skeletal warrior
  5129 | D:12     | Killed a deep elf pyromancer
  5130 | D:12     | Reached skill level 12 in Fighting
  5130 | D:12     | Reached skill level 1 in Maces & Flails
  5157 | D:12     | Reached skill level 4 in Armour
  5214 | D:11     | Reached skill level 2 in Maces & Flails
  5217 | D:11     | Noticed a two-headed ogre
  5217 | D:11     | Noticed a deep elf pyromancer
  5223 | D:11     | Noticed Erica
  5225 | D:11     | Killed a two-headed ogre
  5226 | D:11     | Reached skill level 4 in Evocations
  5232 | D:11     | Killed a deep elf pyromancer
  5233 | D:11     | Reached skill level 3 in Maces & Flails
  5233 | D:11     | Reached XP level 13. HP: 92/106 MP: 4/24
  5233 | D:11     | Your ally Erica died
  5234 | D:11     | Reached skill level 6 in Dodging
  5237 | D:11     | Noticed a boulder beetle
  5261 | D:11     | Killed a boulder beetle
  5283 | D:11     | Noticed a boulder beetle
  5297 | D:11     | Killed a boulder beetle
  5298 | D:11     | Reached skill level 4 in Maces & Flails
  5313 | D:11     | Noticed a fire dragon
  5323 | D:11     | Killed from afar by a fire dragon

Vanquished Creatures
  Erolcha (D:10)
  3 boulder beetles (D:11)
  A centaur warrior (D:12)
  A two-headed ogre (D:10)
  Urug (D:12)
  A deep elf pyromancer (D:12)
  2 ugly things
  A cyclops (D:11)
  2 manticores
  A gargoyle (D:11)
  A kobold demonologist (D:9)
  2 komodo dragons
  2 trolls (D:11)
  A shadow (D:12)
  A vampire (D:11)
  A wraith (D:12)
  8 yaks
  A wyvern (D:9)
  Eustachio (D:4)
  4 vampire mosquitoes (D:12)
  A steam dragon (D:10)
  Edmund (D:4)
  2 wargs (D:11)
  An acid dragon (D:11)
  A black bear (D:5)
  An orc warrior (D:11)
  A sky beast (D:7)
  An ogre (D:5)
  7 centaurs
  2 phantoms
  5 kobold brigands
  2 bullfrogs
  3 scorpions (D:5)
  3 gnoll sergeants
  7 killer bees (D:11)
  An electric eel (D:11)
  2 jellies
  7 orc priests
  4 hounds
  2 iguanas
  Ijyb (D:4)
  7 orc wizards
  10 adders
  15 gnolls
  A white imp (D:6)
  2 ufetubi (D:6)
  A worm (D:3)
  A dart slug (D:3)
  32 orcs
  2 ball pythons
  7 endoplasms
  2 giant cockroaches
  7 goblins
  3 hobgoblins
  2 jackals (D:4)
  3 quokkas (D:3)
  2 bats
  2 frilled lizards
  11 kobolds
  6 rats
207 creatures vanquished.

Vanquished Creatures (collateral kills)
  A two-headed ogre (D:11)
  A deep elf pyromancer (D:11)
  An unseen horror (D:10)
  7 yaks
  A warg (D:11)
  An acid dragon (D:11)
  3 kobold brigands (D:9)
  A bullfrog (D:6)
  3 killer bees (D:11)
  An orc priest (D:8)
  An iguana (D:5)
  3 orc wizards
  2 gnolls
  A white imp (D:6)
  2 dart slugs (D:5)
  6 orcs
  A jackal (D:4)
  3 kobolds (D:9)
  5 boulders
44 creatures vanquished.

Vanquished Creatures (others)
  Erica (D:11)
  7 knights
  3 boulders
11 creatures vanquished.

Grand Total: 262 creatures vanquished

Table legend:
 A = Non-vault XP
 B = Vault XP
 C = Vault XP percentage of total XP
 D = Non-vault monster count
 E = Vault monster count
 F = Vault count percentage of total count
                 A         B        C        D         E       F
            +---------+---------+-------+---------+---------+-------
      Total |   14611 |   10279 |  41.3 |     200 |      47 |  19.0
            +---------+---------+-------+---------+---------+-------
        D:1 |      21 |       0 |   0.0 |      14 |       0 |   0.0
        D:2 |      16 |       0 |   0.0 |      10 |       0 |   0.0
        D:3 |     237 |      40 |  14.4 |      28 |       3 |   9.7
        D:4 |     362 |     397 |  52.3 |      25 |       3 |  10.7
        D:5 |     955 |      95 |   9.0 |      23 |       1 |   4.2
        D:6 |     536 |       0 |   0.0 |      18 |       0 |   0.0
        D:7 |     456 |       0 |   0.0 |      13 |       0 |   0.0
        D:8 |    1700 |     367 |  17.8 |      12 |       1 |   7.7
        D:9 |    1304 |     984 |  43.0 |      16 |      12 |  42.9
       D:10 |    1793 |     867 |  32.6 |       7 |       1 |  12.5
       D:11 |    3089 |    6747 |  68.6 |      19 |      25 |  56.8
       D:12 |    4142 |     782 |  15.9 |      15 |       1 |   6.2
            +---------+---------+-------+---------+---------+-------

Skill      XL: |  1  2  3  4  5  6  7  8  9 10 11 12 13 |
---------------+----------------------------------------+-----
Spellcasting   | 3 4 5 7 |  7.0
Fighting       | 1 2 3 4 5 7 11 12 | 12.5
Earth Magic    | 4 5 6 7 9 10 | 10.0
Conjurations   | 1 2 3 4 5 7 9 10 | 10.0
Transmutations | 2 |  2.0
Armour         | 2 4 |  4.0
Invocations    | 6 9 |  9.0
Dodging        | 4 5 6 |  6.5
Evocations     | 4 |  4.0
Maces & Flails | 3 4 |  4.3
Stealth        | |  1.4

Action                     |  1- 3 |  4- 6 |  7- 9 | 10-12 | 13-15 || total
---------------------------+-------+-------+-------+-------+-------++-------
  Melee: Short sword       |     1 |     9 |    57 |   102 |    13 ||   182
         Unarmed           |     1 |       |       |       |       ||     1
         Punch             |       |       |     2 |     1 |       ||     3
  Throw: Dart              |       |       |       |    29 |    18 ||    47
   Cast: Sandblast         |    42 |    41 |    73 |       |       ||   156
         Stone Arrow       |       |     1 |    35 |   148 |     5 ||   189
         Passwall          |       |       |     3 |     7 |       ||    10
         Brom's Barrelling |       |       |       |    11 |       ||    11
 Invoke: Recall Ancestor   |       |       |     2 |     9 |       ||    11
         Ancestor Life: Kn |       |       |     1 |       |       ||     1
  Evoke: Wand              |       |       |     1 |    16 |     1 ||    18
    Use: Potion            |       |       |     2 |     2 |       ||     4
         Scroll            |       |       |     6 |     5 |       ||    11
   Stab: Invisible         |       |       |       |     1 |       ||     1
         Distracted        |       |       |       |       |     1 ||     1
 Armour: Leather armour    |     9 |    18 |    76 |   140 |    18 ||   261
  Dodge: Dodged            |    15 |    17 |    74 |   210 |    36 ||   352

Illustrated notes

Table legend:
 A = Kills in this place as a percentage of kills in the entire game.
 B = Kills by you in this place as a percentage of kills by you in the entire game.
 C = Kills by friends in this place as a percentage of kills by friends in the entire game.
 D = Other kills in this place as a percentage of other kills in the entire game.
 E = Experience gained in this place as a percentage of experience gained in the entire game.
 F = Experience gained in this place divided by the number of levels of this place that you have seen.
                   A       B       C       D       E      F
               +-------+-------+-------+-------+-------+----------------------
         Total | 100.0 | 100.0 | 100.0 | 100.0 | 100.0 | 1914.6
       Dungeon | 100.0 | 100.0 | 100.0 | 100.0 | 100.0 | 1914.6
               +-------+-------+-------+-------+-------+----------------------

Table legend: (Time is in decaauts)
 A = Elapsed time spent in this place.
 B = Non-inter-level travel time spent in this place.
 C = Inter-level travel time spent in this place.
 D = Time resting spent in this place.
 E = Time spent auto-exploring this place.
 F = Levels seen in this place.
 G = Mean time per level.
                   A        B        C        D        E       F      G
               +--------+--------+--------+--------+--------+-----+--------+
         Total |   5397 |   4873 |    524 |     44 |     24 |  13 |  415.2 |
       Dungeon |   5397 |   4873 |    524 |     44 |     24 |  13 |  415.2 |
               +--------+--------+--------+--------+--------+-----+--------+

Top non-repeatable levels by time:
    D:11: 688 daAuts
     D:4: 638 daAuts
     D:3: 634 daAuts
    D:10: 553 daAuts
     D:8: 488 daAuts
     D:5: 420 daAuts
     D:9: 420 daAuts
     D:6: 379 daAuts
     D:2: 353 daAuts
    D:12: 322 daAuts
     D:1: 268 daAuts
     D:7: 172 daAuts
    D:13: 58 daAuts
